 Dungeon Crawl Stone Soup version 0.29.1-1-gd02db69 (webtiles) character file.

Game seed: 8295542822126676724

413 Kel the Chopper (level 6, -6/37 HPs)
             Began as a Gargoyle Berserker on Nov 26, 2022.
             Was a Priest of Trog.
             Killed by divine providence
             ... invoked by an orc priest
              (14 damage)
             ... on level 5 of the Dungeon.
             The game lasted 00:03:45 (2530 turns).

Kel the Chopper (Gargoyle Berserker)                Turns: 2530, Time: 00:03:46

Health: -6/37      AC: 13    Str: 23    XL:     6   Next: 91%
Magic:  6/6        EV: 10    Int:  7    God:    Trog [***...]
Gold:   115        SH:  0    Dex:  9    Spells: 5/5 levels left

rFire   . . .      SeeInvis .   l - +0 war axe
rCold   . . .      Faith    .   (no shield)
rNeg    + . .      Spirit   .   e - +0 scale mail
rPois   ∞          Reflect  .   b - +0 helmet
rElec   +          Harm     +   g - scarf {harm}
rCorr   .          Rampage  .   (no gloves)
Will    .....                   m - +0 pair of boots
Stlth   ..........              (no amulet)
HPRegen 0.12/turn               (no ring)
MPRegen 0.10/turn               (no ring)

@: on berserk cooldown, slowed, very slow
A: sickness immunity, AC +4, negative energy resistance 1, electricity
resistance, torment resistance 1, petrification resistance
a: Renounce Religion, Berserk, Trog's Hand


You were on level 5 of the Dungeon.
You worshipped Trog.
Trog was most pleased with you.
You visited 1 branch of the dungeon, and saw 4 of its levels.

You collected 115 gold pieces.

Inventory:

Hand Weapons
 l - a +0 war axe (weapon)
Armour
 b - a +0 helmet (worn)
 e - a +0 scale mail (worn)
 g - a scarf of harm (worn)
 m - a +0 pair of boots (worn)
Scrolls
 a - a scroll of magic mapping {unknown}
 c - a scroll of noise {unknown}
 d - 4 scrolls of identify {unknown}
 n - a scroll of teleportation {unknown}
Potions
 f - a potion of brilliance {unknown}
 h - a potion of resistance {unknown}
 i - a potion of magic {unknown}
 j - a potion of heal wounds
 k - a potion of invisibility {unknown}
 o - a potion of degeneration {unknown}


   Skills:
 - Level 3.2 Fighting
 + Level 6.9 Axes
 - Level 2.1 Armour
 - Level 1.5 Dodging


You had 5 spell levels left.
You didn't know any spells.
Your spell library was empty.

Dungeon Overview and Level Annotations

Branches:
Dungeon (3/15)

Altars:
Nemelex Xobeh

Shops:
D:3 [


Innate Abilities, Weirdness & Mutations

You are immune to sickness and miasma.
Your stone body is resilient. (AC +4)
You are immune to poison.
You resist negative energy. (rN+)
You are resistant to electric shocks. (rElec)
You are resistant to unholy torment.
You are immune to petrification.


Message History

The water moccasin bites you but does no damage.
You completely miss the water moccasin.
The water moccasin is severely wounded.
The water moccasin barely misses you. The adder bites you but does no damage.
It was a potion of heal wounds.
You feel much better. The water moccasin closely misses you.
The adder closely misses you.
The water moccasin bites you but does no damage.
An orc comes into view. It is wielding a +0 dagger.
The adder bites you but does no damage.
An ice beast comes into view.
You feel less confused. The water moccasin closely misses you.
The adder bites you but does no damage. The water moccasin closely misses you.
The water moccasin attacks as you move away!
The water moccasin bites you but does no damage.
The orc shouts!
The water moccasin closely misses you.
The water moccasin bites you but does no damage.
The water moccasin misses you. The adder attacks as you move away!
The adder bites you but does no damage.
Found 6 gold pieces.
An orc comes into view. It is wielding a +0 club.
Found a potion of heal wounds.
The orc shouts!
The water moccasin bites you. The water moccasin barely misses you.
The adder bites you but does no damage. The adder attacks as you move away!
The adder bites you but does no damage.
Found 19 gold pieces.
The water moccasin barely misses you.
A white imp comes into view.
The adder bites you but does no damage. The water moccasin bites you. x2
The water moccasin attacks as you move away!
The water moccasin bites you.
Found a robe.
The orc attacks as you move away! The orc hits you but does no damage.
The water moccasin bites you.
* * * LOW HITPOINT WARNING * * *
The orc closely misses you.
The orc priest invokes the aid of Beogh against you.
Beogh smites you!
You die...

. ##.. .. .....###...
... .....#.....# ....
#....#..#... .....
###.......#.#
......#.#.$.5.....##
.......@#o......!..#
........SSY.............
.....##.S.{.............
.... #.$#.##o.###.......
........#.###o###.......
..........# #..#.......$
....[....## #.###.....##
........ #.###......#
........ #oo....# .


You could see a water moccasin, an ice beast, an orc priest, 2 adders and an
orc.

Vanquished Creatures
  Grinder (D:5)
  A jelly (D:5)
  2 orc priests (D:3)
  An orc wizard (D:3)
  2 adders (D:2)
  3 worms
  2 dart slugs (D:1)
  11 orcs
  4 ball pythons
  7 bats
  2 endoplasms
  4 giant cockroaches
  8 goblins
  5 hobgoblins
  A quokka (D:2)
  5 frilled lizards
  4 kobolds
  3 rats
66 creatures vanquished.

Notes
Turn   | Place    | Note
-------+----------+-------------------------------------------
     0 | D:1      | Kel the Gargoyle Berserker began the quest for the Orb.
     0 | D:1      | Reached XP level 1. HP: 14/14 MP: 1/1
    87 | D:1      | Reached skill level 3 in Axes
   202 | D:1      | Reached XP level 2. HP: 19/19 MP: 2/2
   288 | D:1      | Found a faded altar of an unknown god.
   983 | D:1      | Reached XP level 3. HP: 23/23 MP: 3/3
  1108 | D:2      | Found a sparkling altar of Nemelex Xobeh.
  1148 | D:2      | Reached ** piety under Trog
  1212 | D:2      | Reached skill level 4 in Axes
  1580 | D:2      | Reached XP level 4. HP: 28/28 MP: 4/4
  2032 | D:3      | Found Muawkumm's Armour Shoppe.
  2069 | D:3      | Reached skill level 5 in Axes
  2073 | D:3      | Reached XP level 5. HP: 26/32 MP: 5/5
  2489 | D:3      | You fall into a shaft and drop 2 floors!
  2489 | D:5      | Entered Level 5 of the Dungeon
  2495 | D:5      | Reached *** piety under Trog
  2495 | D:5      | Noticed Grinder
  2497 | D:5      | Noticed a water moccasin
  2505 | D:5      | Paralysed by Grinder for 3 turns
  2509 | D:5      | Killed Grinder
  2510 | D:5      | Reached skill level 6 in Axes
  2510 | D:5      | Reached XP level 6. HP: 37/37 MP: 6/6
  2518 | D:5      | Noticed an ice beast
  2530 | D:5      | Killed from afar by an orc priest

Illustrated notes

Levels and vault maps discovered:
D:1:      nicolae_arrival_washed_ashore, layout_loops_ring,
          hellmonk_ecumenical_altar_slurped_away
D:2:      layout_rooms, basic_altar
D:3:      layout_basic, serial_shops, nicolae_lakefront_shop
D:5:      layout_cave_pools, serial_shops, shop, minmay_starry_boxes,
          uniq_grinder

Skill      XL: |  1  2  3  4  5 |
---------------+----------------+-----
Axes           | 3 4 5 6 |  6.9
Fighting       | |  3.2
Armour         | |  2.1
Dodging        | |  1.5

Action                   |  1- 3 |  4- 6 || total
-------------------------+-------+-------++-------
Melee: Hand axe          |   141 |       ||   141
       War axe           |     3 |    68 ||    71
       Punch             |     1 |       ||     1
Invok: Berserk           |       |     2 ||     2
  Use: Potion            |       |     1 ||     1
Armor: Animal skin       |    14 |       ||    14
       Scale mail        |    71 |    49 ||   120
Dodge: Dodged            |   103 |    55 ||   158
